 Dungeon Crawl Stone Soup version 0.22-a0-259-gdd11e71 (webtiles) character file.

76 mhoghedin the Sneak (level 4, -1/24 HPs)
             Began as a Kobold Enchanter on Mar 5, 2018.
             Slain by an adder (2 damage)
             ... on level 2 of the Dungeon.
             The game lasted 00:02:59 (1249 turns).

mhoghedin the Sneak (Kobold Enchanter)              Turns: 1249, Time: 00:02:59

Health: -1/24      AC:  2    Str: 10    XL:     4   Next: 57%
Magic:  7/8        EV: 15    Int: 17    God:
Gold:   83         SH:  0    Dex: 18    Spells: 0/9 levels left

rFire    . . .     SeeInvis .   a - +1 dagger
rCold    . . .     Gourm    .   (shield restricted)
rNeg     . . .     Faith    .   b - +0 robe
rPois    .         Spirit   .   (no helmet)
rElec    .         Reflect  .   (no cloak)
rCorr    .         Harm     .   (no gloves)
MR       .....                  (no boots)
Stlth    +++.......             (no amulet)
HPRegen  0.08/turn              i - +3 ring of dexterity
MPRegen  0.11/turn              (no ring)

@: mighty, lethally poisoned (-1 -> -7)
A: small, carnivore
a: no special abilities


You were on level 2 of the Dungeon.
You were not hungry.

You visited 1 branch of the dungeon, and saw 2 of its levels.

You collected 83 gold pieces.

Inventory:

Hand Weapons
 a - a +1 dagger (weapon)
Armour
 b - a +0 robe (worn)
 j - a +0 buckler
   (You found it on level 2 of the Dungeon)
Jewellery
 i - a +3 ring of dexterity (left hand)
   (You found it on level 1 of the Dungeon)
Scrolls
 c - 5 scrolls of identify {unknown}
 g - a scroll of enchant weapon {unknown}
Potions
 f - a potion of berserk rage {unknown}
 h - a potion of resistance {unknown}
Comestibles
 d - a ration


   Skills:
 + Level 0.5 Fighting
 + Level 1.6 Short Blades
 - Level 2.4 Dodging
 + Level 4.1 Stealth
 - Level 3.1 Spellcasting
 - Level 3.7 Hexes
 - Level 1.4 Ice Magic


You couldn't memorise any spells.
You knew the following spells:

 Your Spells              Type           Power        Failure   Level  Hunger
a - Ensorcelled Hibernat  Hex/Ice        ##....       9%          2    ##.....
b - Tukima's Dance        Hex            ###.....     11%         3    ###....
c - Confuse               Hex            ###.....     11%         3    ###....
v - Corona                Hex            ###....      3%          1    None


Dungeon Overview and Level Annotations

Branches:
Dungeon (2/15)

Altars:

Annotations:
D:1 1 runed door


Innate Abilities, Weirdness & Mutations

You are small and have problems with some larger weapons.
You are carnivorous and can eat meat at any time.


Message History

You see here a ration.
A worm comes into view.
You hit the hobgoblin. The hobgoblin barely misses you.
You hit the hobgoblin. The hobgoblin hits you with a club.
You take 4 damage, and have 20/24 hp.
Aim: a hobgoblin, wielding a club (severely wounded, chance to defeat MR: 60%)
The hobgoblin looks drowsy...
You now have 6/8 mp.
Unknown command.
The helpless hobgoblin fails to defend itself.
You impale the hobgoblin!!
You kill the hobgoblin!
A kobold comes into view.
Aim: a worm (chance to defeat MR: 50%)
The worm looks drowsy...
You now have 4/8 mp.
The helpless worm fails to defend itself.
You impale the worm!!
You kill the worm!
The helpless kobold fails to defend itself.
You impale the kobold!!
You kill the kobold!
No target in view!
No target in view!
No target in view!
No target in view!
No target in view!
No target in view!
No target in view!
No target in view!
No target in view!
You start resting.
A hobgoblin comes into view. It is wielding a club.
A hobgoblin is nearby!
A hobgoblin is nearby!
The hobgoblin shouts!
You hear an angry hiss.
You hear a shout!
The hobgoblin completely misses you.
An adder comes into view.
You closely miss the hobgoblin.
The hobgoblin hits you but does no damage.
You completely miss the hobgoblin. You closely miss the hobgoblin.
The adder hisses angrily.
You hear a shout!
The hobgoblin hits you with a club.
A goblin comes into view. It is wielding a dagger.
You take 1 damage, and have 21/24 hp.
You completely miss the hobgoblin. The hobgoblin closely misses you.
You hit the hobgoblin. The hobgoblin completely misses you.
A kobold comes into view. It is wielding a short sword.
The kobold shouts!
You hit the hobgoblin. The adder bites you but does no damage.
The hobgoblin closely misses you. The adder bites you but does no damage.
You barely miss the hobgoblin. The adder closely misses you.
The hobgoblin hits you with a club.
A giant cockroach comes into view.
You hit the hobgoblin but do no damage. The adder bites you.
You are poisoned.
The adder poisons you!
You take 4 damage, and have 17/24 hp.
MP restored: 8 You feel sick.
You take 1 damage, and have 16/24 hp.
A gnoll comes into view. It is wielding a flail.
The gnoll moves out of view.
A gnoll comes into view. It is wielding a spear.
Okay, then.
Unknown command.
Aim: an adder (chance to defeat MR: 50%)
The adder looks drowsy...
You feel sick. The hobgoblin hits you with a club.
You take 3 damage, and have 13/24 hp.
You now have 6/8 mp.
The helpless adder fails to defend itself.
You impale the adder!!
You kill the adder!
The hobgoblin hits you with a club.
You take 1 damage, and have 12/24 hp.
You feel sick.
You see here a club.
An adder comes into view.
The adder hisses angrily.
You hit the adder but do no damage.
You feel sick.
You are no longer poisoned.
The giant cockroach misses you. The adder bites you.
* * * LOW HITPOINT WARNING * * *
You are lethally poisoned!
The adder poisons you! The hobgoblin hits you with a club.
* * * LOW HITPOINT WARNING * * *
The goblin hits you with a dagger.
* * * LOW HITPOINT WARNING * * *
You take 10 damage, and have 2/24 hp.
MASSIVE DAMAGE!!
* * * LOW HITPOINT WARNING * * *
You feel sick. The adder misses you.
You take 1 damage, and have 1/24 hp.
Okay, then.
Unknown command.
It was a potion of might.
You feel very mighty all of a sudden. The adder closely misses you.
The giant cockroach misses you. The hobgoblin misses you. The adder bites you.
You die...

#.##..†...... #.. ....
#.##......... #.##....
#.##......... #.#..... g.
#............ #.#.#...
...#####....##############.#.....
............###...............#..
................g......###.......
.......†....)..gS......# ##..#[..
...............s@......####..#...
.#............?K............)#...
#.....................####..#...
#................(....# #.###..
#........#.............. #...)..
#........##########........####.
#........# #........# ##.
........# #.. ........# #..


You could see an adder, a giant cockroach, a hobgoblin, a goblin and a kobold.

Vanquished Creatures
  An orc priest (D:2)
  An adder (D:2)
  A worm (D:2)
  2 dart slugs (D:1)
  3 orcs (D:1)
  2 bats
  3 giant cockroaches
  2 goblins
  4 hobgoblins
  3 kobolds
  2 frilled lizards
  2 rats (D:1)
  A fungus (D:1)
27 creatures vanquished.

Notes
Turn   | Place    | Note
-------+----------+-------------------------------------------
     0 | D:1      | mhoghedin the Kobold Enchanter began the quest for the Orb.
     0 | D:1      | Reached XP level 1. HP: 10/10 MP: 3/3
     1 | D:1      | Found a runed door.
   362 | D:1      | Reached XP level 2. HP: 15/15 MP: 5/5
   390 | D:1      | Learned a level 2 spell: Ensorcelled Hibernation
   912 | D:2      | Reached XP level 3. HP: 15/19 MP: 7/7
  1120 | D:1      | Reached skill level 1 in Ice Magic
  1134 | D:2      | Reached skill level 3 in Spellcasting
  1134 | D:2      | Reached XP level 4. HP: 24/24 MP: 4/8
  1139 | D:2      | Learned a level 3 spell: Confuse
  1143 | D:2      | Learned a level 3 spell: Tukima's Dance
  1247 | D:2      | HP: 6/24 [hobgoblin/club (1)]
  1247 | D:2      | HP: 2/24 [goblin/dagger (4)]
  1249 | D:2      | Slain by an adder

Vault maps used:
D:1:      dpeg_arrival_caged_fury, nrook_mini_vaults, minivault_27,
          supply_closet_lemuel, minmay_gold_behind_fungi
D:2:      minmay_randomly_rotated_circles, uniq_crazy_yiuf_cottage

Skill      XL: |  1  2  3 |
---------------+----------+-----
Ice Magic      | 1 |  1.4
Spellcasting   | 3 |  3.1
Fighting       | |  0.5
Short Blades   | |  1.6
Dodging        | |  2.4
Stealth        | |  4.1
Hexes          | |  3.7

Action                   |  1- 3 |  4- 6 || total
-------------------------+-------+-------++-------
Melee: Dagger            |    85 |    15 ||   100
 Cast: Ensorcelled Hiber |     6 |     3 ||     9
  Use: Potion            |       |     1 ||     1
 Stab: Sleeping          |    14 |     4 ||    18
  Eat: Chunk             |     4 |       ||     4
Armor: Robe              |     2 |     3 ||     5
Dodge: Dodged            |    30 |    11 ||    41

Table legend:
 A = Spawn XP
 B = Non-spawn XP
 C = Spawn XP percentage of total XP
 D = Spawn monster count
 E = Non-spawn monster count
 F = Spawn count percentage of total count
 G = Total turns spent on level
                    A         B        C        D         E        F      G
               +---------+---------+-------+---------+---------+-------+---------
         Total |       0 |     109 |   0.0 |       0 |      26 |   0.0 |  1249
               +---------+---------+-------+---------+---------+-------+---------
           D:1 |       0 |      35 |   0.0 |       0 |      16 |   0.0 |  1025
           D:2 |       0 |      74 |   0.0 |       0 |      10 |   0.0 |   224
               +---------+---------+-------+---------+---------+-------+---------

Vault maps used:
D:1:      dpeg_arrival_caged_fury, nrook_mini_vaults, minivault_27,
          supply_closet_lemuel, minmay_gold_behind_fungi
D:2:      minmay_randomly_rotated_circles, uniq_crazy_yiuf_cottage

Table legend:
 A = Turns spent in this place as a percentage of turns spent in the entire game.
 B = Non-inter-level travel turns spent in this place as a percentage of non-inter-level travel turns spent in the entire game.
 C = Inter-level travel turns spent in this place as a percentage of turns spent in this place.
 D = Turns resting spent in this place as a percentage of non-inter-level travel turns spent in this place.
 E = Turns spent auto-exploring this place as a percentage of non-inter-level travel turns spent in this place.
 F = Non-inter-level travel turns spent in this place divided by the number of levels of this place that you've seen.
                   A       B       C       D       E      F
               +-------+-------+-------+-------+-------+----------------------
         Total | 100.0 | 100.0 |   0.4 |  20.1 |  53.0 | 622.0
       Dungeon | 100.0 | 100.0 |   0.4 |  20.1 |  53.0 | 622.0
               +-------+-------+-------+-------+-------+----------------------

Table legend:
 A = Kills in this place as a percentage of kills in entire the game.
 B = Kills by you in this place as a percentage of kills by you in the entire game.
 C = Kills by friends in this place as a percentage of kills by friends in the entire game.
 D = Other kills in this place as a percentage of other kills in the entire game.
 E = Experience gained in this place as a percentage of experience gained in the entire game.
 F = Experience gained in this place divided by the number of levels of this place that you have seen.
                   A       B       C       D       E      F
               +-------+-------+-------+-------+-------+----------------------
         Total | 100.0 | 100.0 |   N/A |   N/A | 100.0 |  54.5
       Dungeon | 100.0 | 100.0 |   N/A |   N/A | 100.0 |  54.5
               +-------+-------+-------+-------+-------+----------------------
